 Dungeon Crawl Stone Soup version 0.21-a0-442-g848f44b3bc (webtiles) character file.

16593 AsandaNima the Fencer (level 12, -1/101 HPs)
             Began as a Minotaur Fighter on Nov 17, 2017.
             Was a High Priest of Okawaru.
             Slain by an eight-headed hydra (9 damage)
             ... on level 2 of the Lair of Beasts.
             The game lasted 00:40:05 (14184 turns).

AsandaNima the Fencer (Minotaur Fighter)           Turns: 14184, Time: 00:40:06

Health: -1/101     AC: 16    Str: 26    XL:     12   Next: 11%
Magic:  10/11      EV:  7    Int:  5    God:    Okawaru [*****.]
Gold:   600        SH: 14    Dex: 10    Spells: 11/11 levels left

rFire    . . .     SeeInvis .   D - +1 long sword (holy)
rCold    . . .     Gourm    .   c - +1 shield
rNeg     . . .     Faith    .   A - +0 plate armour
rPois    .         Spirit   .   (helmet restricted)
rElec    .         Reflect  .   (no cloak)
rCorr    .         Harm     .   u - +1 pair of gloves
MR       .....                  (no boots)
Stlth    ..........             G - amulet of regeneration
HPRegen  0.66/turn              q - ring of wizardry
MPRegen  0.12/turn              (no ring)

@: very slightly contaminated, invisible
A: retaliatory headbutt, horns 2
a: Heroism, Finesse, Renounce Religion


You were on level 2 of the Lair of Beasts.
You worshipped Okawaru.
Okawaru was extremely pleased with you.
You were hungry.

You visited 3 branches of the dungeon, and saw 13 of its levels.
You also visited: Ossuary.

You collected 600 gold pieces.

Inventory:

Hand Weapons
 a - a +0 long sword
 D - a +1 long sword of holy wrath (weapon)
Missiles
 h - 262 stones (quivered)
Armour
 c - a +1 shield (worn)
 u - a +1 pair of gloves (worn)
 A - a +0 plate armour (worn)
Jewellery
 q - a ring of wizardry (left hand)
 G - an amulet of regeneration (around neck)
 O - an uncursed amulet of faith {unknown}
Wands
 k - a wand of lightning (8/15)
 L - a wand of random effects (27/48)
Scrolls
 d - 2 scrolls of immolation {unknown}
 e - 9 scrolls of remove curse
 g - 2 scrolls of fog
 i - a scroll of magic mapping
 j - 3 scrolls of blinking
 n - 4 scrolls of recharging
 s - 2 scrolls of amnesia
 w - 4 scrolls of teleportation
 y - a scroll of acquirement {unknown}
 z - 2 scrolls of enchant armour
 F - 3 scrolls of enchant weapon {unknown}
 J - 3 scrolls of noise {unknown}
 K - 2 scrolls of identify
 M - a scroll of fear {unknown}
Potions
 b - 3 potions of brilliance
 l - 2 potions of curing
 m - 2 potions of flight
 o - a potion of mutation
 r - a potion of invisibility
 t - 2 potions of resistance
 B - 2 potions of magic
 C - 4 potions of degeneration
 H - a potion of haste {unknown}
 I - a potion of berserk rage {unknown}
Miscellaneous
 x - a phial of floods
 P - a lamp of fire
Comestibles
 f - 6 bread rations
 p - a meat ration
 v - 2 royal jellies
 E - 8 chunks of flesh


   Skills:
 + Level 7.9 Fighting
 - Level 16.0 Long Blades
 - Level 0.1 Throwing
 + Level 9.3 Armour
 - Level 0.8 Dodging
 * Level 12.8 Shields


You had 11 spell levels left.
You didn't know any spells.

Dungeon Overview and Level Annotations

Branches:
Dungeon (10/15)            Temple (1/1) D:7            Lair (2/6) D:8
  Swamp: Lair:2-4    Shoals: Lair:2-4     Snake: Lair:2-4    Spider: Lair:2-4
    Orc: D:9-12

Altars:
Ashenzari
Cheibriados
Dithmenos
Elyvilon
Gozag
Hepliaklqana
Kikubaaqudgha
Makhleb
Nemelex Xobeh
Okawaru
Qazlal
Ru
Sif Muna
Trog
Uskayaw
Vehumet
Wu Jian
Xom
Zin
The Shining One

Shops:
D:8 (


Innate Abilities, Weirdness & Mutations

You reflexively headbutt those who attack you in melee.
You have a pair of horns on your head.


Message History

The eight-headed hydra barely misses you.
You block the eight-headed hydra's attack. x2
The eight-headed hydra bites you!
* * * LOW HITPOINT WARNING * * *
The eight-headed hydra bites you but does no damage. x3
You fade into invisibility!
You feel like a meek peon again.
The eight-headed hydra barely misses you.
You block the eight-headed hydra's attack.
The eight-headed hydra barely misses you.
The eight-headed hydra bites you but does no damage.
You block the eight-headed hydra's attack.
The eight-headed hydra closely misses you.
The eight-headed hydra bites you but does no damage.
You block the eight-headed hydra's attack.
You are very lightly contaminated with residual magic.
You barely miss the eight-headed hydra.
You block the eight-headed hydra's attack.
The eight-headed hydra barely misses you.
The eight-headed hydra bites you!
You die...

...................##
....................#
...................P#
...................#
.....>.............#
...................##
....................#
###P#.##.#."%......#.
#########.....@..##
#P....D...#
##.......## #..(....#
#........#
..(.......#
...........#
............#
...........##


You could see an eight-headed hydra.

Vanquished Creatures
  A two-headed ogre (D:10)
  The ghost of haldagan the Ogre Mage, a novice OgSu of Cheibriados (D:8)
  An unseen horror (D:9)
  Pikel (D:9)
  A black mamba (Lair:1)
  6 spiny frogs
  A komodo dragon (Lair:1)
  3 trolls (D:9)
  The ghost of hexaflexagon the Bolt Thrower, an amateur FoAM (D:7)
  Grinder (D:4)
  2 hippogriffs
  8 spriggans (Lair:1)
  A basilisk (Lair:2)
  17 yaks
  2 hungry ghosts
  Grum (D:8)
  Menkaure (D:6)
  5 water moccasins (Lair:1)
  2 porcupines
  3 orc warriors
  2 sky beasts (D:9)
  A slave (D:9)
  2 ice beasts (D:10)
  2 phantoms
  2 necrophages
  8 wolves
  5 ogres
  3 centaurs
  3 crocodiles
  A big kobold (D:9)
  12 bullfrogs
  3 elf zombies (Ossuary)
  6 killer bees (D:9)
  6 howler monkeys
  7 crimson imps
  3 centaur zombies (Ossuary)
  A bullfrog zombie (D:10)
  2 hounds
  6 orc priests
  A bullfrog skeleton (D:4)
  3 jellies
  A centaur skeleton (D:4)
  Terence (D:3)
  2 iguanas
  9 worker ants
  An orc wizard (D:8)
  A killer bee zombie (D:6)
  A hound zombie (D:7)
  2 mummies (Ossuary)
  Robin (D:4)
  11 gnolls
  12 adders
  2 shadow imps
  12 white imps (Lair:1)
  2 oozes
  2 worms
  4 leopard geckos
  27 orcs
  6 giant cockroaches
  11 goblins
  4 hobgoblins
  27 jackals
  7 quokkas
  4 bats
  6 frilled lizards
  12 hobgoblin zombies (Ossuary)
  A jackal zombie (Ossuary)
  14 kobolds
  9 kobold zombies (Ossuary)
  7 orc zombies (Ossuary)
  A quokka zombie (D:5)
  4 rats
  2 rat zombies (Ossuary)
344 creatures vanquished.

Vanquished Creatures (others)
  2 slaves (D:9)
  2 kobolds (D:9)
  2 fungi
  A plant (D:8)
7 creatures vanquished.

Grand Total: 351 creatures vanquished

Notes
Turn   | Place    | Note
-------+----------+-------------------------------------------
     0 | D:1      | AsandaNima the Minotaur Fighter began the quest for the Orb.
     0 | D:1      | Reached XP level 1. HP: 19/19 MP: 0/0
   185 | D:1      | Reached XP level 2. HP: 27/27 MP: 1/1
   866 | D:2      | Reached XP level 3. HP: 33/33 MP: 2/2
   895 | D:2      | Reached skill level 3 in Long Blades
  1129 | D:2      | Reached XP level 4. HP: 36/40 MP: 3/3
  1269 | D:2      | Reached skill level 4 in Long Blades
  1571 | D:3      | Found a radiant altar of Vehumet.
  1593 | D:3      | Found a bloodstained altar of Trog.
  1868 | D:3      | Noticed Terence
  1887 | D:3      | Killed Terence
  2118 | D:3      | Noticed a bullfrog
  2126 | D:3      | Killed a bullfrog
  2126 | D:3      | Reached skill level 5 in Long Blades
  2126 | D:3      | Reached XP level 5. HP: 43/46 MP: 4/4
  2826 | D:4      | Reached skill level 6 in Long Blades
  3377 | D:4      | Noticed Robin
  3386 | D:4      | Killed Robin
  3392 | D:4      | Reached XP level 6. HP: 51/52 MP: 5/5
  3455 | D:4      | Noticed Grinder
  3459 | D:4      | Paralysed by Grinder for 7 turns
  3468 | D:4      | Paralysed by Grinder for 2 turns
  3477 | D:4      | Killed Grinder
  3477 | D:4      | Reached skill level 8 in Long Blades
  3761 | D:4      | Reached XP level 7. HP: 58/58 MP: 6/6
  3901 | D:4      | Found a glowing silver altar of Zin.
  3905 | D:4      | Got a smoking whip
  4438 | D:5      | Entered Level 5 of the Dungeon
  4598 | D:5      | Reached skill level 9 in Long Blades
  4820 | D:5      | Reached skill level 10 in Long Blades
  4907 | D:5      | Found a sacrificial altar of Ru.
  5314 | D:5      | Reached XP level 8. HP: 66/66 MP: 7/7
  5502 | D:6      | Reached skill level 11 in Long Blades
  5618 | D:6      | Found an ornate altar of the Wu Jian Council.
  5811 | D:6      | Found a hide-covered altar of Uskayaw.
  5924 | D:6      | Noticed Menkaure
  5937 | D:6      | Killed Menkaure
  6399 | D:7      | Reached skill level 12 in Long Blades
  6722 | D:7      | Found a sacrificial altar of Ru.
  6749 | D:7      | Noticed hexaflexagon's ghost (amateur FoAM)
  6765 | D:7      | Killed hexaflexagon's ghost
  6786 | D:7      | Reached skill level 13 in Long Blades
  6802 | D:7      | Noticed a hippogriff
  6811 | D:7      | Killed a hippogriff
  6811 | D:7      | Reached XP level 9. HP: 64/71 MP: 8/8
  7185 | D:7      | Found a staircase to the Ecumenical Temple.
  7191 | Temple   | Entered the Ecumenical Temple
  7430 | D:8      | Found a staircase to the Lair.
  7524 | D:8      | Found a sand-covered staircase.
  7578 | Ossuary  | Entered an ossuary
  7710 | Ossuary  | Reached skill level 14 in Long Blades
  7884 | D:8      | Found Loddebup's Antique Weapon Emporium.
  7911 | D:8      | Noticed Grum
  7945 | D:8      | Killed Grum
  7945 | D:8      | Reached skill level 15 in Long Blades
  8603 | D:8      | Noticed haldagan's ghost (novice OgSu)
  8666 | D:8      | Killed haldagan's ghost
  8666 | D:8      | Reached XP level 10. HP: 29/78 MP: 9/9
  9090 | D:8      | Found an opulent altar of Gozag.
  9239 | D:9      | Found a shadowy altar of Dithmenos.
  9244 | D:9      | Found a shimmering altar of Xom.
  9247 | D:9      | Found a white marble altar of Elyvilon.
  9249 | D:9      | Found an iron altar of Okawaru.
  9264 | D:9      | Reached skill level 16 in Long Blades
  9274 | D:9      | Became a worshipper of Warmaster Okawaru
  9340 | D:9      | Noticed Pikel
  9367 | D:9      | Killed Pikel
  9367 | D:9      | Reached skill level 5 in Shields
  9640 | D:9      | Reached skill level 5 in Armour
  9843 | D:9      | Reached * piety under Okawaru
 10085 | D:9      | Killed an unseen horror
 10085 | D:9      | Reached skill level 5 in Fighting
 10215 | D:9      | Reached ** piety under Okawaru
 11248 | D:10     | Entered Level 10 of the Dungeon
 11343 | D:10     | Reached XP level 11. HP: 86/89 MP: 10/10
 11843 | D:10     | Reached *** piety under Okawaru
 11953 | D:10     | Reached skill level 10 in Shields
 12196 | D:10     | Noticed a two-headed ogre
 12205 | D:10     | Killed a two-headed ogre
 12363 | Lair:1   | Entered Level 1 of the Lair of Beasts
 12527 | Lair:1   | Reached **** piety under Okawaru
 13145 | Lair:1   | Reached ***** piety under Okawaru
 13921 | Lair:2   | Reached XP level 12. HP: 96/101 MP: 11/11
 14161 | Lair:2   | Noticed a seven-headed hydra
 14184 | Lair:2   | Slain by an eight-headed hydra

Vault maps used:
D:1:      lemuel_arrival_lava_pool, minmay_misc_feat_more_columns
D:3:      fiery_altar_vehumet, bloody_trog, serial_co_window_serial,
          co_window_paths_b, co_window_paths_a, co_window_corner_a,
          co_window_paths_b, co_window_of_opportunity_a, co_window_broadway_b,
          co_window_corner_b, co_window_corner_b, co_window_2corner,
          co_window_broadway_a, glass_columns_b, uniq_terence
D:4:      lemuel_crystal_altar, hangedman_feature_mirror,
          minmay_misc_feat_nine_boxes, uniq_grinder, uniq_robin
D:5:      first_bread, hangedman_ru_absence
D:6:      overflow_temple_1_default, eat_drink_and_be_merry_uskayaw,
          uniq_menkaure
D:7:      kennysheep_little_box, minitemple, minmay_temple_entry_fiery
D:8:      lemuel_round_altar, dpeg_oklobed_lair, nicolae_ossuary_entry_ruins,
          serial_shops, nicolae_shop_overgrown_old_shop, uniq_grum
D:9:      grunt_temple_overflow_open, lemuel_crystal_altar, uniq_pikel
Temple:   dpeg_three_leaves_temple
Lair:1:   kb_forest_paths, portal_ice_cave_entry_imps
Ossuary:  ossuary_tomb_1

Skill      XL: |  1  2  3  4  5  6  7  8  9 10 11 |
---------------+----------------------------------+-----
Shields        | 4 9 12 | 12.8
Armour         | 4 6 9 |  9.3
Long Blades    | 3 5 6 8 10 13 15 16 | 16.0
Fighting       | 5 7 |  7.9
Throwing       | |  0.1
Dodging        | |  0.8

Action                   |  1- 3 |  4- 6 |  7- 9 | 10-12 || total
-------------------------+-------+-------+-------+-------++-------
Melee: Long sword        |    78 |   132 |   472 |   688 ||  1370
       Headbutt          |     6 |    23 |    85 |   123 ||   237
Throw: Stone             |    23 |    62 |   143 |    85 ||   313
Invok: Heroism           |       |       |       |     9 ||     9
  Use: Scroll            |     7 |     2 |     4 |     6 ||    19
       Potion            |       |       |     4 |     4 ||     8
  Eat: Chunk             |     1 |     8 |    13 |    12 ||    34
       Fruit             |       |       |     3 |       ||     3
       Meat ration       |       |       |       |     1 ||     1
       Royal jelly       |       |       |       |     1 ||     1
Armor: Scale mail        |    62 |    50 |    39 |       ||   151
       Plate armour      |       |       |   126 |   261 ||   387
Dodge: Dodged            |    42 |    36 |    60 |   127 ||   265
Block: Shield            |    72 |    78 |   250 |   389 ||   789
       Rpst.: Long sword |     9 |     7 |    17 |    31 ||    64

Table legend:
 A = Spawn XP
 B = Non-spawn XP
 C = Spawn XP percentage of total XP
 D = Spawn monster count
 E = Non-spawn monster count
 F = Spawn count percentage of total count
 G = Total turns spent on level
                    A         B        C        D         E        F      G
               +---------+---------+-------+---------+---------+-------+---------
         Total |       0 |   23705 |   0.0 |       0 |     343 |   0.0 | 14184
               +---------+---------+-------+---------+---------+-------+---------
           D:1 |       0 |      35 |   0.0 |       0 |      18 |   0.0 |   813
           D:2 |       0 |      92 |   0.0 |       0 |      24 |   0.0 |   696
           D:3 |       0 |     163 |   0.0 |       0 |      15 |   0.0 |  1223
           D:4 |       0 |     553 |   0.0 |       0 |      24 |   0.0 |  1706
           D:5 |       0 |     591 |   0.0 |       0 |      27 |   0.0 |  1022
           D:6 |       0 |     612 |   0.0 |       0 |      12 |   0.0 |   859
           D:7 |       0 |    1113 |   0.0 |       0 |      27 |   0.0 |   928
           D:8 |       0 |    2153 |   0.0 |       0 |      18 |   0.0 |  1643
           D:9 |       0 |    5046 |   0.0 |       0 |      45 |   0.0 |  2043
          D:10 |       0 |    3567 |   0.0 |       0 |      37 |   0.0 |  1071
        Lair:1 |       0 |    7015 |   0.0 |       0 |      44 |   0.0 |  1491
        Lair:2 |       0 |    2286 |   0.0 |       0 |      13 |   0.0 |   330
       Ossuary |       0 |     479 |   0.0 |       0 |      39 |   0.0 |   273
               +---------+---------+-------+---------+---------+-------+---------
